 Dungeon Crawl Stone Soup version 0.30.1-11-g7821555f0a (webtiles) character file.

Game seed: 9751901831869923129

658 porpoise the Shooter (level 7, 0/55 HPs)
             Began as a Formicid Hunter on Jan 12, 2024.
             Succumbed to a killer bee's poison
             ... on level 5 of the Dungeon.
             The game lasted 00:11:31 (3977 turns).

porpoise the Shooter (Formicid Hunter)              Turns: 3977, Time: 00:11:32

Health: 0/55       AC:  7    Str: 15    XL:     7   Next: 86%
Magic:  7/7        EV: 11    Int:  9    God:
Gold:   251        SH:  0    Dex: 19    Spells: 6/6 levels left

rFire   . . .        a - +0 shortbow
rCold   . . .        (no shield)
rNeg    . . .        g - +0 ring mail
rPois   .            (helmet unavailable)
rElec   .            q - +0 cloak
rCorr   .            (no gloves)
SInv    +            (no boots)
Will    .....        (no amulet)
Stlth   +            (no ring)
HPRegen 0.29/turn    (no ring)
MPRegen 0.10/turn

%: no passive effects
@: lethally poisoned (0 -> -12)
A: permanent stasis, dig shafts and tunnels, antennae 3, four strong arms
a: Dig, Shaft Self


You were on level 5 of the Dungeon.
You visited 1 branch of the dungeon, and saw 5 of its levels.

You collected 251 gold pieces.

Inventory:

Hand Weapons
 a - a +0 shortbow (weapon)
 d - a +0 trident
Missiles
 s - 8 poisoned darts
Armour
 c - a +0 leather armour
 g - a +0 ring mail (worn)
 o - a +0 kite shield
 q - a +0 cloak (worn)
 x - the +1 hat of Usheskuj {-Tele Rampage rPois Will+++}
   (You found it on level 4 of the Dungeon)

   rPois:     It protects you from poison.
   -Tele:     It prevents most forms of teleportation.
   Rampage:   It bestows one free step when moving towards enemies.
   Will:      It greatly increases your willpower.
Jewellery
 v - an amulet of magic regeneration
Wands
 w - a wand of flame (8)
Scrolls
 b - 2 scrolls of immolation
 i - 4 scrolls of vulnerability
 j - a scroll of teleportation {unknown}
 k - a scroll of amnesia
 m - a scroll of magic mapping {unknown}
 p - a scroll of torment {unknown}
 t - a scroll of poison {unknown}
 u - a scroll of silence {unknown}
 y - 2 scrolls of identify
 z - a scroll of enchant weapon {unknown}
Potions
 e - 3 potions of cancellation
 f - 3 potions of lignification
 h - 2 potions of heal wounds
 l - a potion of resistance
 n - a potion of mutation
 r - 2 potions of curing


   Skills:
 + Level 4.9 Fighting
 * Level 7.0 Ranged Weapons
 + Level 3.8 Armour
 - Level 1.7 Dodging
 - Level 1.2 Stealth


You had 6 spell levels left.
You didn't know any spells.
Your spell library was empty.

Dungeon Overview and Level Annotations

Branches:
Dungeon (5/15)
 Temple: D:4-7

Altars:

Annotations:
D:3 1 transporter, Eboss360's ghost, amateur DgCj
D:5 Prince Ribbit


Innate Abilities, Weirdness & Mutations

You cannot be hasted, slowed, berserked, paralysed or teleported.
You can dig through walls and to a lower floor.
You have a pair of large antennae on your head. (SInv)
Your four strong arms can wield two-handed weapons with a shield.


Message History

There is a large open door here.
The killer bee stings you but does no damage.
The killer bee barely misses you.
You see here an adder corpse.
The killer bee barely misses you. The killer bee closely misses you.
The killer bee stings you.
You shoot an arrow. The arrow hits the killer bee.
The killer bee is moderately wounded.
The killer bee stings you. The killer bee misses you.
The killer bee stings you.
You shoot an arrow. The arrow misses the killer bee.
The killer bee stings you.
You are poisoned.
The killer bee poisons you! The killer bee closely misses you.
The killer bee attacks as you move away!
The killer bee stings you!
You are more poisoned.
The killer bee poisons you!
You feel very sick. The killer bee barely misses you.
You are too injured to fight recklessly!
You shoot an arrow. The arrow barely misses the killer bee.
The arrow closely misses Prince Ribbit.
You feel very sick. The killer bee barely misses you.
The killer bee stings you.
* * * LOW HITPOINT WARNING * * *
Prince Ribbit croaks regally.
The killer bee completely misses you.
You shoot an arrow. The arrow misses the killer bee.
The arrow misses Prince Ribbit.
You feel very sick. The killer bee stings you.
* * * LOW HITPOINT WARNING * * *
You are lethally poisoned!
The killer bee poisons you! The killer bee stings you!
* * * LOW HITPOINT WARNING * * *
You shoot an arrow. The arrow barely misses the killer bee.
The arrow misses Prince Ribbit.
The arrow hits the orc warrior.
The orc warrior is moderately wounded.
You die...

#.# ##...# ##.
#.## #...## #. ##.
#..###...# #..
#{..####........#
#..
#........####.##
#.# ####o...##
#..###.. #F#†.##
#....... #y##..#
##.....##
#@##..###.......#
#..##...##...#....
#..##............(
...######o'####...
#.... #........#
#..###..........#
#.. #.....{......#
#.#
.....{{.......#
....{..........#


You could see Prince Ribbit, an orc warrior and a killer bee.

Vanquished Creatures
  Duvessa (D:5)
  An ogre (D:5)
  A bullfrog (D:4)
  2 scorpions (D:4)
  Dowan (D:5)
  2 hounds (D:4)
  A jelly (D:5)
  An orc wizard (D:4)
  4 adders
  A worm (D:2)
  4 dart slugs
  5 orcs
  10 endoplasms
  4 giant cockroaches
  2 goblins
  7 hobgoblins
  7 jackals
  5 quokkas
  6 ball pythons
  5 bats
  2 frilled lizards (D:3)
  4 kobolds
  6 rats
82 creatures vanquished.

Notes
Turn   | Place    | Note
-------+----------+-------------------------------------------
     0 | D:1      | porpoise the Formicid Hunter began the quest for the Orb.
     0 | D:1      | Reached XP level 1. HP: 16/16 MP: 1/1
   124 | D:1      | Reached XP level 2. HP: 23/23 MP: 2/2
   343 | D:1      | Reached XP level 3. HP: 28/28 MP: 3/3
   560 | D:1      | Found a faded altar of an unknown god.
   676 | D:1      | Reached skill level 1 in Armour
  1273 | D:2      | Reached XP level 4. HP: 32/34 MP: 4/4
  1497 | D:3      | Noticed Eboss360's ghost (amateur DgCj)
  1498 | D:3      | Found a transporter.
  1653 | D:3      | Reached skill level 5 in Ranged Weapons
  2225 | D:4      | Noticed a bullfrog
  2234 | D:4      | Killed a bullfrog
  2235 | D:4      | Reached XP level 5. HP: 25/41 MP: 5/5
  2331 | D:4      | Reached XP level 6. HP: 35/48 MP: 6/6
  2494 | D:4      | Identified the +1 hat of Usheskuj {-Tele Rampage rPois
                  | Will+++}
  2605 | D:4      | Reached skill level 6 in Ranged Weapons
  3195 | D:5      | Entered Level 5 of the Dungeon
  3198 | D:5      | Noticed an ogre
  3214 | D:4      | Reached XP level 7. HP: 51/54 MP: 7/7
  3613 | D:5      | Noticed Dowan
  3633 | D:5      | Noticed Duvessa
  3644 | D:5      | Killed Duvessa
  3649 | D:5      | Killed Dowan
  3650 | D:5      | Reached skill level 7 in Ranged Weapons
  3959 | D:5      | Noticed Prince Ribbit
  3977 | D:5      | Succumbed to a killer bee's poison

Illustrated notes

Levels and vault maps discovered:
D:1:      spicycebolla_arrival_xxxplode, layout_basic,
          shapermc_ecumenical_altar_acropolis
D:2:      layout_rooms
D:3:      layout_loops_ring, gammafunk_ghost_smash
D:4:      layout_loops_ring, nicolae_kite_square_tiling_tiny
D:5:      kennysheep_big_flooded_room, layout_layer_cave, uniq_prince_ribbit1,
          uniq_duvessa

Skill      XL: |  1  2  3  4  5  6  7 |
---------------+----------------------+-----
Armour         | 1 2 3 |  3.8
Fighting       | 3 4 |  4.9
Ranged Weapons | 5 6 7 |  7.0
Dodging        | |  1.7
Stealth        | |  1.2

Action                     |  1- 3 |  4- 6 |  7- 9 || total
---------------------------+-------+-------+-------++-------
   Fire: Shortbow          |    84 |   134 |    43 ||   261
Ability: Dig               |       |       |     3 ||     3
    Use: Scroll            |     5 |     5 |     1 ||    11
 Armour: Ring mail         |     8 |    20 |     5 ||    33
  Dodge: Dodged            |    17 |    48 |    21 ||    86
